 Dungeon Crawl Stone Soup version 0.27.1-35-g4d5d836560 (webtiles) character file.

Game seed: 2693961454722546302

4498 Delamore the Slicer (level 10, -7/60 HPs)
             Began as an Octopode Brigand on Mar 8, 2022.
             Was an Initiate of Gozag.
             Shot with an arrow by a centaur (15 damage)
             ... on level 7 of the Dungeon.
             The game lasted 00:07:01 (7129 turns).

Delamore the Slicer (Octopode Brigand)              Turns: 7129, Time: 00:07:02

Health: -7/60      AC:  5    Str: 10    XL:     10   Next: 38%
Magic:  10/10      EV: 15    Int: 15    God:    Gozag
Gold:   543        SH:  5    Dex: 16    Spells: 9/9 levels left

rFire    . . .     SeeInvis .   e - +2 short sword (elec)
rCold    . . .     Faith    .   f - +0 buckler {AC+3}
rNeg     . . .     Spirit   .   j - +1 hat
rPois    .         Reflect  .   (no amulet)
rElec    .         Harm     .   (no ring)
rCorr    .         Rampage  .   (no ring)
Will     .....                  (no ring)
Stlth    +++++.....             (no ring)
HPRegen  0.20/turn              (no ring)
MPRegen  0.12/turn              (no ring)
                                (no ring)
                                (no ring)

@: gold aura
A: almost no armour, amphibious, 8 rings, camouflage 1, gelatinous body 1,
(nimble swimmer 1), tentacles
a: Renounce Religion, Potion Petition, Call Merchant, Bribe Branch


You were on level 7 of the Dungeon.
You worshipped Gozag.
Gozag was pleased with you.
You visited 1 branch of the dungeon, and saw 7 of its levels.

You collected 580 gold pieces.
You paid 37 gold pieces to Gozag.

Inventory:

Hand Weapons
 a - a +2 dagger
 e - a +2 short sword of electrocution (weapon)
Missiles
 b - 61 poisoned darts (quivered)
Armour
 f - a +0 buckler of protection (worn)
 j - a +1 hat (worn)
Jewellery
 v - an amulet of guardian spirit
Wands
 n - a wand of flame (19)
 r - a wand of iceblast (7)
Scrolls
 h - 2 scrolls of immolation
 l - 2 scrolls of teleportation
 m - a scroll of enchant armour
 q - a scroll of vulnerability {unknown}
 s - 2 scrolls of identify
 w - 2 scrolls of holy word {unknown}
 y - a scroll of blinking {unknown}
Potions
 d - a potion of ambrosia {unknown}
 g - a potion of might
 i - 2 potions of attraction
 k - 4 potions of heal wounds {unknown}
 o - a potion of haste {unknown}
 p - a potion of lignification {unknown}
 t - a potion of mutation {unknown}
 u - a potion of curing
 x - a potion of berserk rage {unknown}


   Skills:
 - Level 2.0 Fighting
 + Level 11.9 Short Blades
 - Level 2.0 Throwing
 - Level 5.0 Dodging
 - Level 10.0 Stealth
 - Level 4.0 Shields


You had 9 spell levels left.
You didn't know any spells.
Your spell library contained the following spells:

 Spells                   Type           Power      Damage    Failure   Level
 Ensorcelled Hibernation  Hex/Ice        0%         N/A       38%         2
 Spider Form              Tmut/Pois      0%         N/A       63%         3
 Shadow Creatures         Summ           N/A        N/A       100%        6


Dungeon Overview and Level Annotations

Branches:
Dungeon (7/15)             Temple (0/1) D:7

Altars:
Gozag

Shops:
D:3 :   D:7 :

Annotations:
D:7 Dowan


Innate Abilities, Weirdness & Mutations

You cannot wear most types of armour.
You are amphibious.
You can wear up to eight rings at the same time.
Your skin changes colour to match your surroundings (Stealth+).
Your rubbery body absorbs attacks. (AC +1, EV +1)
((You are camouflaged near water. (Stealth+)))
You have tentacles for arms and can constrict up to eight enemies at once.


Message History

The steam dragon is lightly wounded.
You hit the steam dragon. You squeeze the steam dragon.
The steam dragon is moderately wounded.
The orc priest invokes the aid of Beogh against you.
Beogh smites you! You block the steam dragon's attack. x2
You are too injured to fight recklessly!
You are too injured to fight recklessly!
You hit the steam dragon. You squeeze the steam dragon.
The steam dragon is heavily wounded.
You puncture the steam dragon!
Lightning courses through the steam dragon!
You kill the steam dragon!
The centaur wields a +0 shortbow.
The centaur shoots an arrow.
The arrow misses you.
Your life force feels restored.
You closely miss the orc priest. Your grab misses the orc priest.
Your squeeze misses the orc priest.
The centaur shoots an arrow.
You block the arrow.
You barely miss the orc priest. Your grab misses the orc priest.
Your squeeze misses the orc priest. The orc priest hits you with a +0 club.
The centaur shoots an arrow.
The arrow completely misses you.
You hit the orc priest. Your grab misses the orc priest.
The orc priest is moderately wounded.
You hit the orc priest. You grab the orc priest.
The orc priest is severely wounded.
You constrict the orc priest.
The centaur shoots an arrow.
The arrow hits you.
The orc priest looks encouraged for a moment.
You hit the orc priest.
The orc priest is severely wounded.
You constrict the orc priest.
The centaur shoots an arrow.
The arrow hits you!
* * * LOW HITPOINT WARNING * * *
You hit the orc priest.
Lightning courses through the orc priest!
You kill the orc priest!
The centaur shoots an arrow.
You block the arrow.
The centaur shoots an arrow.
The arrow hits you.
* * * LOW HITPOINT WARNING * * *
The centaur shoots an arrow.
The arrow hits you!
You die...
Your body crumbles into a pile of gold.

.#.o..##.#...#####
.#.....#...$.....##
.##z...###$$$###..#####
# #....# #$$####.....)#
###(.# #.....#......#
######.#..............#
.)y.W..#..............#
..o....#..............#
.z.....#......c.@..$..#
###'####.........$....#
##...###.........######
#.....## .......##
......)# #.....>
.......# ##.####
.......# ## #.....##
##...##


You could see a centaur.

Vanquished Creatures
  A two-headed ogre (D:5)
  2 deep elf pyromancers (D:7)
  An ice devil (D:7)
  A troll (D:7)
  A steam dragon (D:7)
  A water moccasin (D:6)
  2 ice beasts
  A black bear (D:6)
  A sky beast (D:6)
  3 necrophages
  An ogre (D:4)
  5 centaurs
  A kobold brigand (D:4)
  3 scorpions
  A wyvern skeleton (D:7)
  A water moccasin skeleton (D:2)
  A howler monkey (D:7)
  5 wights (D:7)
  2 hounds (D:4)
  3 orc priests
  2 centaur skeletons
  4 bullfrog skeletons
  2 iguanas
  Natasha (thrice) (D:3)
  An orc wizard (D:4)
  A killer bee zombie (D:7)
  2 hound skeletons
  A howler monkey skeleton (D:5)
  3 adders
  3 white imps (D:7)
  An ufetubus (D:4)
  An adder skeleton (D:4)
  An adder zombie (D:5)
  3 worms
  4 dart slugs
  7 orcs
  5 bats
  7 endoplasms
  5 giant cockroaches
  11 goblins
  8 hobgoblins
  6 quokkas
  4 ball pythons
  2 frilled lizards
  31 kobolds
  3 rats
  A bush (D:5)
159 creatures vanquished.

Vanquished Creatures (others)
  4 fungi (D:2)
  38 plants
42 creatures vanquished.

Grand Total: 201 creatures vanquished

Notes
Turn   | Place    | Note
-------+----------+-------------------------------------------
     0 | D:1      | Delamore the Octopode Brigand began the quest for the Orb.
     0 | D:1      | Reached XP level 1. HP: 14/14 MP: 1/1
     6 | D:1      | Noticed a black bear
     6 | D:1      | Noticed a redback
     6 | D:1      | Noticed a lindwurm
     7 | D:1      | Noticed a black mamba
     7 | D:1      | Noticed a hog
   251 | D:1      | Reached XP level 2. HP: 19/19 MP: 2/2
   505 | D:1      | Reached XP level 3. HP: 14/24 MP: 3/3
   884 | D:2      | Reached skill level 3 in Short Blades
   884 | D:2      | Reached XP level 4. HP: 29/29 MP: 4/4
  1494 | D:2      | Found a faded altar of an unknown god.
  1944 | D:3      | Identified a scroll of acquirement
  1945 | D:3      | Acquired a +0 buckler of protection
  1962 | D:3      | Reached XP level 5. HP: 34/34 MP: 5/5
  1983 | D:3      | Noticed Natasha
  1988 | D:3      | Killed Natasha
  2003 | D:3      | You fall into a shaft and drop 1 floor!
  2006 | D:4      | Reached skill level 1 in Shields
  2022 | D:4      | Reached skill level 4 in Short Blades
  2045 | D:4      | Reached XP level 6. HP: 18/39 MP: 6/6
  2630 | D:4      | Noticed a necrophage
  2637 | D:4      | Killed a necrophage
  2638 | D:4      | Reached XP level 7. HP: 41/45 MP: 7/7
  2681 | D:3      | Noticed Natasha
  2682 | D:3      | Killed Natasha
  3195 | D:3      | Noticed Natasha
  3204 | D:3      | Killed Natasha
  3205 | D:3      | Reached skill level 5 in Short Blades
  3245 | D:3      | Found Mubal's Book Boutique.
  3651 | D:4      | Found an opulent altar of Gozag.
  3666 | D:4      | Became a worshipper of Gozag Ym Sagoz the Greedy
  4085 | D:5      | Entered Level 5 of the Dungeon
  4304 | D:5      | Reached XP level 8. HP: 50/50 MP: 8/8
  4384 | D:5      | Reached skill level 6 in Short Blades
  4411 | D:5      | Reached skill level 10 in Stealth
  4466 | D:5      | Noticed a two-headed ogre
  4473 | D:5      | Killed a two-headed ogre
  4474 | D:5      | Reached skill level 7 in Short Blades
  4474 | D:5      | Reached XP level 9. HP: 54/54 MP: 9/9
  4978 | D:6      | Identified the +0 scale mail "Juosmos" {rN+ MP+9}
  5023 | D:6      | Reached skill level 8 in Short Blades
  5125 | D:6      | Reached skill level 5 in Dodging
  5650 | D:7      | Noticed a freezing wraith
  5650 | D:7      | Noticed an ice devil
  5650 | D:7      | Noticed a freezing wraith
  5650 | D:7      | Found the +8 frozen axe "Frostbite" {freezing cloud, *Noise
                  | Fly rC+}
  5663 | D:7      | Noticed a freezing wraith
  5665 | D:7      | Killed an ice devil
  5666 | D:7      | Reached skill level 9 in Short Blades
  5692 | D:7      | HP: 2/54 [something (6)]
  5705 | D:6      | Reached skill level 10 in Short Blades
  5970 | D:7      | Noticed a troll
  5980 | D:7      | Killed a troll
  6185 | D:7      | Noticed a deep elf pyromancer
  6185 | D:7      | Noticed a hornet
  6208 | D:7      | Paralysed by a hornet for 1 turns
  6538 | D:7      | Noticed a deep elf pyromancer
  6538 | D:7      | Noticed Dowan
  6552 | D:7      | Killed a deep elf pyromancer
  6553 | D:7      | Reached skill level 11 in Short Blades
  6553 | D:7      | Reached XP level 10. HP: 17/60 MP: 10/10
  6556 | D:7      | Killed a deep elf pyromancer
  6779 | D:7      | Found Renue's Book Shoppe.
  7112 | D:7      | Found a staircase to the Ecumenical Temple.
  7129 | D:7      | Shot with an arrow by a centaur

Illustrated notes

Levels and vault maps discovered:
D:1:      onia_arrival_zoo_common, layout_rooms, minmay_tromino_v7
D:2:      layout_loops_corners, shapermc_ecumenical_altar_mp_ritualfount
D:3:      layout_basic, serial_shops, nicolae_square_shop, uniq_natasha
D:4:      kennysheep_kobold_camp, layout_basic, mainiacjoe_overflow_tiny_flanked
D:5:      layout_loops_ring, kennysheep_big_empty_room, kb_lookout_dungeons_type
D:6:      layout_loops_ring
D:7:      minmay_opposing_rooms, layout_rooms, minmay_temple_entry_proselytizer,
          serial_shops, kennysheep_mini, hellmonk_guarded_unrand_frostbite,
          uniq_duvessa

Skill      XL: |  1  2  3  4  5  6  7  8  9 |
---------------+----------------------------+-----
Stealth        | 6 7 8 9 10 | 10.0
Short Blades   | 3 4 5 7 11 | 11.9
Shields        | 1 2 4 |  4.0
Dodging        | 4 5 |  5.0
Fighting       | |  2.0
Throwing       | |  2.0

Action                   |  1- 3 |  4- 6 |  7- 9 | 10-12 || total
-------------------------+-------+-------+-------+-------++-------
Melee: Short sword       |    35 |   116 |   163 |    38 ||   352
       Dagger            |     6 |       |       |       ||     6
       Constrict         |     5 |    21 |    25 |     5 ||    56
       Tentacles         |     3 |    15 |    33 |    12 ||    63
Throw: Dart              |       |       |     3 |     3 ||     6
  Use: Scroll            |     2 |     3 |     5 |       ||    10
       Potion            |       |       |     3 |       ||     3
 Stab: Sleeping          |    14 |    14 |    18 |       ||    46
       Distracted        |       |       |     1 |     2 ||     3
Armor: Skin              |     2 |    24 |    26 |     2 ||    54
Dodge: Dodged            |    14 |    49 |    62 |    11 ||   136
Block: Buckler           |       |    11 |    22 |     9 ||    42
